cohdb
Replays
Latest Replays
All Replays
Popular Replays
Top Player Replays
Match Explorer
How It Works
Community
CoH3 Stats
Reddit
Sign in to upload your games and track your stats! →
Sign in with Steam
Match 44788060
Unlisted
Match 44788060
Overview
Messages
Build Orders
End
Panzergrenadier Squad
Selects Panzerjäger Kommand Battlegroup
Selects Mine Fields
Panzergrenadier Squad
250 Light Carrier
Construct Light Support Kompanie
Combat Half-tracks
Fire Support Elements
Assault Grenadier Squad
Flakvierling Half-track
Construct Panzerarmee Kommand
Panzergrenadier Squad
Selects Defensive Positions
Panzer III L Medium Tank
Selects Butterfly Bomb Drop
Butterfly Bomb Drop
Emergency Repair Kits
Panzer III L Medium Tank
Panzerpioneer Squad
Panzer III L Medium Tank
Tungsten Core Ammunition
Panzer III L Medium Tank
Selects GrB 39 Grenade Launcher Requisition
Selects Crew Shock Tactics
Selects Elefant Tank Destroyer
Panzer III L Medium Tank
Panzerpioneer Squad
Vehicle Survival Package
Panzer III L Medium Tank
Panzer III L Medium Tank
Rapid Advance
Panzer III L Medium Tank
Panzer III L Medium Tank
Panzer III L Medium Tank
Jester Two Coins
GG Shermi
Terran
Der schöne Bob
gunther09 Nürnberg
Plepi
0
0
Comments
sign in to comment!
No comments posted yet!